 Dungeon Crawl Stone Soup version 0.29-a0-973-gac7da5f7f0 (webtiles) character file.

Game seed: 5205608434929391185

234 xian the Covered (level 5, -1/47 HPs)
             Began as a Minotaur Fighter on Aug 1, 2022.
             Killed by nerve-wracking pain
             ... invoked by an orc priest
              (3 damage)
             ... on level 4 of the Dungeon.
             The game lasted 00:07:10 (3040 turns).

xian the Covered (Minotaur Fighter)                 Turns: 3040, Time: 00:07:11

Health: -1/47      AC:  9    Str: 28    XL:     5   Next: 75%
Magic:  4/4        EV: 12    Int:  5    God:
Gold:   193        SH:  4    Dex: 10    Spells: 4/4 levels left

rFire   . . .      SeeInvis .   b - +2 dagger (flame)
rCold   . . .      Faith    .   c - +0 buckler
rNeg    . . .      Spirit   .   k - +0 chain mail
rPois   .          Reflect  .   (helmet restricted)
rElec   .          Harm     .   (no cloak)
rCorr   .          Rampage  .   (no gloves)
Will    .....                   (no boots)
Stlth   ..........              (no amulet)
HPRegen 0.15/turn               n - +4 ring of evasion
MPRegen 0.09/turn               v - +6 ring of strength

@: lethally poisoned (-1 -> -11)
A: horns 2, retaliatory headbutt
a: no special abilities


You were on level 4 of the Dungeon.
You visited 1 branch of the dungeon, and saw 4 of its levels.

You collected 193 gold pieces.

Inventory:

Hand Weapons
 b - a +2 dagger of flaming (weapon)
Missiles
 i - 5 silver javelins (quivered)
 l - 6 boomerangs
Armour
 c - a +0 buckler (worn)
 k - a +0 chain mail (worn)
Jewellery
 n - a +4 ring of evasion (left hand)
 v - a +6 ring of strength (right hand)
Wands
 a - a wand of paralysis (24)
Scrolls
 e - a scroll of brand weapon
 g - a scroll of amnesia {unknown}
 h - a scroll of noise
 j - a scroll of torment {unknown}
 q - a scroll of enchant armour {unknown}
 t - a scroll of fog {unknown}
 u - a scroll of poison {unknown}
Potions
 d - 2 potions of might
 f - a potion of curing
 m - a potion of ambrosia {unknown}
 o - a potion of experience {unknown}
 p - a potion of attraction {unknown}
 r - a potion of berserk rage {unknown}
 s - 2 potions of brilliance {unknown}


   Skills:
 + Level 4.6 Fighting
 + Level 1.7 Short Blades
 + Level 3.9 Maces & Flails
 + Level 5.1 Armour
 + Level 0.3 Dodging
 + Level 0.6 Stealth
 + Level 4.6 Shields


You had 4 spell levels left.
You didn't know any spells.
Your spell library contained the following spells:

 Spells                   Type           Power      Damage    Failure   Level
 Frozen Ramparts          Ice            0%         1d2       100%        3
 Ice Form                 Ice/Tmut       0%         N/A       100%        4
 Summon Ice Beast         Ice/Summ       0%         N/A       100%        4


Dungeon Overview and Level Annotations

Branches:
Dungeon (4/15)
 Temple: D:4-7

Altars:

Shops:
D:1 [


Innate Abilities, Weirdness & Mutations

You have a pair of horns on your head.
You reflexively headbutt those who attack you in melee.


Message History

Okay, then.
Okay, then.
Okay, then.
As you read the scroll labelled JIRPHU SULIARPH, it crumbles to dust.
You hear a loud clanging noise!
It was a scroll of noise.
You hear a shout! x3
Something hits you.
* * * LOW HITPOINT WARNING * * *
The orc priest barely misses you.
As you read the scroll labelled XAUXTU UCEJAQ, it crumbles to dust.
It is a scroll of brand weapon.
Your +2 vampiric dagger is engulfed in flames!
b - a +2 dagger of flaming (weapon)
You hear some strange, mumbled words.
You are confused.
The orc priest invokes the aid of Beogh against you.
Pain shoots through your body!
* * * LOW HITPOINT WARNING * * *
It was a potion of curing.
You feel better.
You hear some strange, mumbled words.
A magic dart appears from out of thin air!
The magic dart hits you!
* * * LOW HITPOINT WARNING * * *
The orc priest hits you but does no damage.
Something hits you but does no damage. Something hits you but does no damage.
You block something's attack. You block something's attack.
You hear some strange, mumbled words.
Something tries to affect you, but you resist.
The orc priest invokes the aid of Beogh against you.
Something writhes in agony.
A kobold comes into view.
It is wielding a +0 short sword and quivering poisoned darts.
The kobold shouts!
The kobold throws a poisoned dart.
The poisoned dart hits you!
You are lethally poisoned!
The orc priest invokes the aid of Beogh against you.
Pain shoots through your body!
You die...

#.#.#..#..#.####...#######
#.#.#..#............)....#..
..#.................).......
###....###..........))...#
#....####<####..o#####....
##.#......# #...# .
#.######## #...# #.# #...#
####.# #@..# .....#
..........# ######
.#####...## .###. .# #. K#
#. #. .# . #


You could see an orc priest and a kobold.

Vanquished Creatures
  2 orc priests (D:4)
  A jelly (D:3)
  An iguana (D:4)
  7 adders
  A dart slug (D:2)
  An orc (D:4)
  2 ball pythons
  7 bats
  2 endoplasms (D:1)
  5 giant cockroaches (D:2)
  9 goblins
  2 hobgoblins (D:1)
  8 kobolds
  5 quokkas
  2 frilled lizards (D:1)
  2 rats
57 creatures vanquished.

Vanquished Creatures (others)
  A plant (D:1)
1 creature vanquished.

Grand Total: 58 creatures vanquished

Notes
Turn   | Place    | Note
-------+----------+-------------------------------------------
     0 | D:1      | xian the Minotaur Fighter began the quest for the Orb.
     0 | D:1      | Reached XP level 1. HP: 19/19 MP: 0/0
    82 | D:1      | Found Xamump Xiss's Antique Armour Shop.
   142 | D:1      | Reached XP level 2. HP: 26/27 MP: 1/1
   166 | D:1      | Reached skill level 4 in Armour
  1195 | D:2      | Reached XP level 3. HP: 33/33 MP: 2/2
  1746 | D:2      | Reached XP level 4. HP: 33/40 MP: 3/3
  2458 | D:3      | Reached XP level 5. HP: 47/47 MP: 4/4
  2837 | D:4      | Reached skill level 1 in Short Blades
  3024 | D:4      | Reached skill level 5 in Armour
  3034 | D:4      | HP: 2/47 [something/magic dart (9)]
  3040 | D:4      | Killed from afar by an orc priest

Illustrated notes

Levels and vault maps discovered:
D:1:      dpeg_arrival_simpleton_b, layout_basic, serial_forest,
          infiniplex_forest_straight_5, infiniplex_forest_end_2,
          infiniplex_forest_end_2, infiniplex_forest_straight_3, serial_shops,
          shop
D:2:      layout_basic, minmay_tiny_reverse_x
D:3:      layout_loops_ring, hangedman_decor_points, nicolae_titane
D:4:      layout_loops_cross, temple_fountains, serial_shops, shop

Skill      XL: |  1  2  3  4  5 |
---------------+----------------+-----
Shields        | 4 |  4.6
Armour         | 4 5 |  5.1
Fighting       | 4 |  4.6
Maces & Flails | 3 |  3.9
Short Blades   | 1 |  1.7
Dodging        | |  0.3
Stealth        | |  0.6

Action                   |  1- 3 |  4- 6 || total
-------------------------+-------+-------++-------
Melee: Flail             |    72 |       ||    72
       Headbutt          |     8 |    14 ||    22
       Dagger            |     9 |    74 ||    83
  Use: Scroll            |       |     2 ||     2
       Potion            |       |     1 ||     1
Armor: Scale mail        |    21 |       ||    21
       Chain mail        |    38 |    28 ||    66
Dodge: Dodged            |    47 |    28 ||    75
Block: Buckler           |    29 |    21 ||    50

Table legend: (Time is in decaauts)
 A = Elapsed time spent in this place.
 B = Non-inter-level travel time spent in this place.
 C = Inter-level travel time spent in this place.
 D = Time resting spent in this place.
 E = Time spent auto-exploring this place.
 F = Levels seen in this place.
 G = Mean time per level.
                   A        B        C        D        E       F      G
               +--------+--------+--------+--------+--------+-----+--------+
         Total |   3063 |   2819 |    244 |      0 |   2154 |   4 |  765.8 |
       Dungeon |   3063 |   2819 |    244 |      0 |   2154 |   4 |  765.8 |
               +--------+--------+--------+--------+--------+-----+--------+

Top non-repeatable levels by time:
     D:2: 1060 daAuts
     D:1: 1018 daAuts
     D:3: 724 daAuts
     D:4: 259 daAuts
